 Dungeon Crawl Stone Soup version 0.29-a0-414-g5075937ec3 (webtiles) character file.

Game seed: 11688092995401905982

13 purpskrrrp the Shield-Bearer (level 2, -1/11 (16) HPs)
             Began as a Vine Stalker Fighter on May 16, 2022.
             Slain by a gnoll
             ... wielding a +0 spear
              (4 damage)
             ... on level 1 of the Dungeon.
             The game lasted 00:02:29 (930 turns).

purpskrrrp the Shield-Bearer (Vine Stalker Fighter)  Turns: 930, Time: 00:02:30

HP:   -1/11 (16)    AC:  6    Str: 18    XL:     2   Next: 37%
MP:   0/3           EV:  9    Int:  8    God:
Gold: 35            SH:  4    Dex: 13    Spells: 1/1 levels left

rFire   . . .      SeeInvis .   f - +2 dagger (drain)
rCold   . . .      Faith    .   c - +0 buckler
rNeg    . . .      Spirit   +   b - +0 scale mail
rPois   .          Reflect  .   (no helmet)
rElec   .          Harm     .   (no cloak)
rCorr   .          Rampage  .   (no gloves)
Will    .....                   (no boots)
Stlth   ..........              (no amulet)
HPRegen 0.03/turn               (no ring)
MPRegen 0.08/turn               (no ring)

@: very heavily drained
A: fangs 2, magic shield, antimagic bite, no potion heal 2
a: no special abilities


You were on level 1 of the Dungeon.
You visited 1 branch of the dungeon, and saw 1 of its levels.

You collected 35 gold pieces.

Inventory:

Hand Weapons
 a - a +0 long sword
 f - a +2 dagger of draining (weapon)
Armour
 b - a +0 scale mail (worn)
 c - a +0 buckler (worn)
 h - a +0 ring mail
Scrolls
 e - a scroll of teleportation {unknown}
 g - a scroll of fear {unknown}
Potions
 d - 2 potions of might


   Skills:
 + Level 2.8 Fighting
 + Level 2.0 Long Blades
 + Level 2.6 Armour
 + Level 2.8 Shields


You had one spell level left.
You didn't know any spells.
Your spell library was empty.

Dungeon Overview and Level Annotations

Branches:
Dungeon (1/15)

Altars:


Innate Abilities, Weirdness & Mutations

You have extremely sharp teeth.
When hurt, damage is shared between your health and your magic reserves.
Your bite disrupts and absorbs the magic of your enemies.
Potions cannot restore your health.


Message History

The kobold is severely wounded.
The kobold hits you with a +0 short sword.
You closely miss the kobold.
The kobold is severely wounded.
The kobold hits you but does no damage.
You barely miss the kobold. Your bite misses the kobold.
The kobold is severely wounded.
The kobold hits you but does no damage.
You barely miss the kobold.
The kobold is severely wounded.
The kobold closely misses you.
You closely miss the kobold. Your bite misses the kobold.
The kobold is severely wounded.
The kobold closely misses you.
You barely miss the kobold. Your bite misses the kobold.
The kobold is severely wounded.
You block the kobold's attack.
You hit the kobold.
You kill the kobold!
Things that are here:
a +0 short sword; a kobold corpse
Things that are here:
a +0 short sword; a kobold corpse You start resting.
Magic restored.
You start resting.
HP restored.
You open the door.
There is an open door here.
A gnoll comes into view. It is wielding a +0 spear.
You block the gnoll's attack. The gnoll hits you with a +0 spear!
You hit the gnoll. You bite the gnoll, but do no damage.
The gnoll is lightly wounded.
The gnoll hits you with a +0 spear.
* * * LOW HITPOINT WARNING * * *
You hit the gnoll. You drain the gnoll. You bite the gnoll, but do no damage.
The gnoll is severely wounded.
The gnoll hits you with a +0 spear.
You die...

##...##.....................)...
#...#..########....##########.#
#...#.## #....# #######..
#'''#.# #....# #....#### #...#.#
########### #....# ##.#..#
#........# #....# #...##
#........# #....# ###.#
###.....g..# #....# #.#
.......@# #....# #.#
........########..).#### #.#
...............'.......# #.#
...........#####....##.# #.#
..?........#.........#.#
#####.#....#.##.#+##.#..
#......# #.#.#....# #######.
#.#....... #.. #.........


You could see a gnoll (very drained).

Vanquished Creatures
  An endoplasm (D:1)
  A goblin (D:1)
  2 hobgoblins (D:1)
  2 kobolds (D:1)
  3 quokkas (D:1)
  2 rats (D:1)
11 creatures vanquished.

Notes
Turn   | Place    | Note
-------+----------+-------------------------------------------
     0 | D:1      | purpskrrrp the Vine Stalker Fighter began the quest for the
                  | Orb.
     0 | D:1      | Reached XP level 1. HP: 11/11 MP: 2/2
   482 | D:1      | Reached XP level 2. HP: 11/16 MP: 3/3
   930 | D:1      | Slain by a gnoll

Illustrated notes

Levels and vault maps discovered:
D:1:      lemuel_arrival_funnel, layout_basic, minmay_misc_feat_more_columns

Skill      XL: |  1 |
---------------+----+-----
Long Blades    | 2 |  2.0
Fighting       | |  2.8
Armour         | |  2.6
Shields        | |  2.8

Action                   || total
-------------------------++-------
Melee: Long sword        ||    43
       Bite              ||     5
       Dagger            ||    10
Armor: Scale mail        ||    17
Dodge: Dodged            ||    23
Block: Buckler           ||    13

Table legend: (Time is in decaauts)
 A = Elapsed time spent in this place.
 B = Non-inter-level travel time spent in this place.
 C = Inter-level travel time spent in this place.
 D = Time resting spent in this place.
 E = Time spent auto-exploring this place.
 F = Levels seen in this place.
 G = Mean time per level.
                   A        B        C        D        E       F      G
               +--------+--------+--------+--------+--------+-----+--------+
         Total |    944 |    923 |     21 |    475 |    328 |   1 |  944.0 |
       Dungeon |    944 |    923 |     21 |    475 |    328 |   1 |  944.0 |
               +--------+--------+--------+--------+--------+-----+--------+

Top non-repeatable levels by time:
     D:1: 944 daAuts
